Unix NetHack Version 5.0.0-0 post-release - last build Jun 10 2026 00:39:30 (3ee93aec679c4c4259841fe613dc97188e26a321,branch:main).

Game began 2026-06-16 04:27:42, ended 2026-06-16 04:38:54.

Brudee, chaotic female human Rogue

                                     ----
                                    --.<-
                                   --....
                                  --...
                                  |...
                                  |.|
                                  |.|
                         .      --|.|
                 ... .  ..------G%|.-
                 .........(G)).@..*..
                  .. .  ..-----------
                         .

Brudee the Cutpurse     St:17 Dx:18 Co:18 In:12 Wi:9 Ch:8  Chaotic S:376
Dlvl:4  $:2  HP:0(28) Pw:11(11) AC:7  Xp:3/56 T:945 

Latest messages:
 You are almost hit by a crossbow bolt.
 The hobbit wields an elven dagger!
 You learn more about your items by comparing them.
 b - a +0 dagger (alternate weapon; not wielded) (8 in total).
 You swap places with Shaggy.
 You see here a partly used candle (lit).
 The hobbit thrusts his elven dagger.
 The hobbit hits!
 The gnome lord thrusts one of his daggers.
 The gnome lord hits!
 The gnome hits!
 You see here a pair of hard shoes.
 In what direction? h
 The dart hits the hobbit.
 The hobbit thrusts his elven dagger.
 The hobbit hits!
 You see here a crossbow bolt.
 The hobbit picks up a pair of hard shoes.
 Shaggy drops a +0 dagger.
 What do you want to zap? [p or ?*] p
 In what direction? h
 The gnome corpse glows iridescently.
 The gnome is resurrected!
 You hear some noises.
 You hear some noises in the distance.
 You see here a +0 dagger.
 It is hit.
 You swap places with Shaggy.
 The hobbit wields a crossbow!
 The gnome lord throws a dagger!
 The dagger misses the gnome.
 The dagger hits the hobbit.
 The hobbit is killed!
 In what direction? ?
 In what direction? <space>
 What do you want to ready? [- $bl or ?*] b
 Your alternate weapon is 8 daggers.  Ready 7 of them? [ynq] (q) y
 D - 7 +0 daggers (at the ready).
 In what direction? l
 You throw 2 daggers.
 The 1st dagger hits the gnome.
 You kill the gnome!
 The 2nd dagger hits it.
 The gnome picks up 6 +0 daggers.
 Shaggy drops an arrow.
 D - a +0 dagger (at the ready) (6 in total).
 The gnome hits!
 You die...
 Do you want your possessions identified? [ynq] (y) y
 Do you want to see your attributes? [ynq] (y) q

Inventory:
 Coins    ('$')
  $ - 2 gold pieces
 Amulets  ('"')
  u - an uncursed amulet of restful sleep
 Weapons  (')')
  l - 10 +0 darts
  b - a +0 dagger (alternate weapon; not wielded)
  D - 6 +0 daggers (at the ready)
  a - a +0 short sword (weapon in right hand)
 Armor    ('[')
  c - an uncursed +1 leather armor (being worn)
 Comestibles  ('%')
  A - an uncursed carrot
  m - 4 uncursed food rations
  C - a cursed food ration
  w - an uncursed fortune cookie
 Scrolls  ('?')
  i - an uncursed scroll of identify
  g - an uncursed scroll of scare monster
  n - an uncursed scroll of teleportation
  o - a cursed scroll of teleportation
 Potions  ('!')
  z - a blessed potion of fruit juice
  k - an uncursed potion of healing
  B - an uncursed potion of monster detection
  d - an uncursed potion of sickness
  y - a potion of holy water named HOLY
 Wands    ('/')
  p - a wand of undead turning (0:6)
 Tools    ('(')
  f - an empty uncursed sack
  e - an uncursed lock pick
  v - a +0 pick-axe
 Gems/Stones  ('*')
  q - an uncursed jade stone

Brudee the Rogue's attributes:

Background:
 You were a Cutpurse, a level 3 female human Rogue.
 You were chaotic, on a mission for Kos
 who was opposed by Issek (lawful) and Mog (neutral).
 You were right-handed.
 You were in the Gnomish Mines, on level 4.
 You entered the dungeon 945 turns ago.
 It was nighttime.
 There was a new moon in effect when your adventure ended.
 You had 56 experience points, 24 more were needed to attain level 4.
 Your score was 376 before end-of-game adjustments.

Basics:
 You had 0 out of 28 hit points.
 You had all 11 energy points (spell power).
 Your armor class was 7.
 Your wallet contained 2 zorkmids.
 Autopickup was on for '$!=+?/"' plus thrown.

Final Characteristics:
 Your strength was 17 (limit:18/100).
 Your dexterity was 18 (limit:18).
 Your constitution was 18 (limit:18).
 Your intelligence was 12 (limit:18).
 Your wisdom was 9 (limit:18).
 Your charisma was 8 (limit:18).

Final Status:
 You weren't hungry.
 You were unencumbered.
 You were wielding a short sword.
 You had basic skill with short sword.

Final Attributes:
 You were devoutly aligned.
 You were stealthy.
 You were warded.
 You are dead.

Miscellaneous:
 You didn't encounter any bones levels.
 Total elapsed playing time was 11 minutes and 11 seconds.

Major events:
 Turn
    1: Brudee the chaotic female human Rogue entered the dungeon
  884: entered the Gnomish Mines
  920: attained the rank of Cutpurse (level 3)
  945: killed by a gnome

Spells:
 Name                 Level Category     Fail Retention
 protection             1   clerical      40%  76%-100%

Skills:
 Fighting Skills
   bare handed combat [Unskilled]
   two weapon combat  [Unskilled]
   riding             [Unskilled]
 Weapon Skills
   dagger             [Basic]
   knife              [Unskilled]
   short sword        [Basic]
   broadsword         [Unskilled]
   long sword         [Unskilled]
   two-handed sword   [Unskilled]
   saber              [Unskilled]
   club               [Unskilled]
   mace               [Unskilled]
   morning star       [Unskilled]
   flail              [Unskilled]
   hammer             [Unskilled]
   polearms           [Unskilled]
   spear              [Unskilled]
   crossbow           [Unskilled]
   dart               [Unskilled]
   shuriken           [Unskilled]
 Spellcasting Skills
   divination spells  [Unskilled]
   escape spells      [Unskilled]
   matter spells      [Unskilled]

Voluntary challenges:
 Character rerolling was not enabled.
 You never genocided any monsters.
 You never polymorphed an object.
 You never changed form.
 You used no wishes.
Achievements:
 You entered a shop.
 You entered the Gnomish Mines.
 You attained the rank of Cutpurse.

 The Dungeons of Doom: levels 1 to 4
    Level 1:
    Level 2:
       A grave.
    Level 3:
       A food shop, a grave.
       Stairs down to The Gnomish Mines.
    Level 4:
       A general store.
 The Gnomish Mines:
    Level 4: <- You were here.
       Final resting place for
          you, killed by a gnome.


Vanquished creatures:
  a gnome leader
  a dwarf
 an acid blob
  a hobbit
  a large kobold
  a yellow mold
  4 gnomes
  a gnome zombie
  2 geckos
  2 jackals
  a fox
  a goblin
  a kobold zombie
18 creatures vanquished.

No species were genocided or became extinct.

Game over:
                       ----------
                      /          \
                     /    REST    \
                    /      IN      \
                   /     PEACE      \
                  /                  \
                  |      Brudee      |
                  |       2 Au       |
                  |   killed by a    |
                  |      gnome       |
                  |                  |
                  |                  |
                  |       2026       |
                 *|     *  *  *      | *
        _________)/\\_//(\/(/\)/\//\/|_)_______

Goodbye Brudee the Rogue...

You died in The Gnomish Mines on dungeon level 4 with 376 points,
and 2 pieces of gold, after 945 moves.
You were level 3 with a maximum of 28 hit points when you died.

